[Event "Titled Tuesday Blitz May 23 Early 2023"]
[White "littlepillow2010"]
[Black "Korkmaz, Necmettin"]
[BlackFideId "6303285"]
[WhiteElo "2345"]
[BlackElo "2097"]
[Result "0-1"]
[Round "09"]
[TimeControl "180+2"]
[Date "2023.05.23"]
[WhiteClock "0:00:03"]
[BlackClock "0:01:13"]

1. e4 e6 2. d4 d5 3. exd5 exd5 4. Nf3 Nf6 5. Bd3 Bg4 6. O-O Nbd7 7. Re1+ Be7 8. Qe2 Bxf3 9. Qxf3 O-O 10. Nc3 c6 11. Bd2 Bd6 12. Ne2 Re8 13. Ng3 g6 14. c3 Qc7 15. Rxe8+ Rxe8 16. Re1 Rxe1+ 17. Bxe1 a5 18. Bd2 a4 19. c4 dxc4 20. Bxc4 b5 21. Bd3 Kg7 22. Ne4 Nxe4 23. Bxe4 c5 24. dxc5 Nxc5 25. g3 Be5 26. b3 Qd6 27. Bd5 Ne6 28. h4 axb3 29. axb3 f6 30. Be3 Nd4 31. Bxd4 Bxd4 32. Kg2 f5 33. Bc6 b4 34. Bb5 Bxf2 35. Qb7+ Kh6 36. Kxf2 Qd2+ 37. Kg1 Qe3+ 38. Kh2 Qxb3 39. Qg2 Qe3 40. Bc4 b3 41. Qb2 f4 42. Qxb3 fxg3+ 43. Kh3 Qf4 44. Qxg3 Qxc4 45. Qg5+ Kg7 46. Qe7+ Qf7 47. Qe5+ Qf6 48. Qc7+ Kh6 49. Qc1+ Kg7 50. Qc7+ Kg8 51. Qb8+ Qf8 52. Qb3+ Kg7 53. Qb2+ Qf6 54. Qb7+ Kh6 55. Qd5 Qf5+ 56. Qxf5 gxf5 57. Kg3 Kg6 58. Kf4 Kf6 59. Kf3 Ke5 60. Ke3 f4+ 61. Kf3 Kf5 62. h5 h6 63. Kg2 Kg4 64. Kf2 Kxh5 65. Kf3 Kg5 0-1


[Site "https://www.chess.com"]

[Event "Titled Tuesday Blitz May 23 Early 2023"]
[White "Omariev, Maksim"]
[Black "Hinds, Nathan"]
[WhiteFideId "4193423"]
[BlackFideId "7400730"]
[WhiteElo "2469"]
[BlackElo "2001"]
[Result "1-0"]
[Round "09"]
[TimeControl "180+2"]
[Date "2023.05.23"]
[WhiteClock "0:00:08"]
[BlackClock "0:00:07"]

1. g4 d5 2. Bg2 c6 3. h3 Nf6 4. d4 h6 5. Nf3 Qc7 6. Nbd2 Nbd7 7. Nf1 e5 8. dxe5 Nxe5 9. Qd4 Bd6 10. Bd2 Ne4 11. O-O-O Be6 12. Bf4 Nxf3 13. Bxd6 Nxd4 14. Bxc7 Nxe2+ 15. Kb1 Nxf2 16. Re1 Nxh1 17. Rxe2 Kd7 18. Bh2 Rhe8 19. Kc1 h5 20. gxh5 Bf5 21. Rxe8 Rxe8 22. Bg1 Ng3 23. Kd1 Nxf1 24. Bxf1 Re4 25. Bxa7 Rh4 26. Be2 Bxh3 27. Bf2 Re4 28. Kd2 Bg4 29. Bd3 Re7 30. Bd4 Bxh5 31. Bxg7 Bg6 32. Be2 f5 33. Bd4 Ke6 34. a4 Re8 35. a5 Re7 36. b4 Be8 37. c4 Kd6 38. Bc5+ Kd7 39. Bxe7 Kxe7 40. cxd5 cxd5 41. Ke3 Kd6 42. Kd4 Bd7 43. b5 Bc8 44. Bf3 f4 45. Bxd5 Bd7 46. b6 Bb5 47. Bxb7 f3 48. Bxf3 Kd7 49. Kc5 Kc8 50. Kxb5 Kb8 51. a6 Kc8 52. a7 Kd7 53. a8=Q Kd6 54. Qc6+ Ke5 55. Qe4+ Kf6 56. Qd5 Kg7 57. Qe6 Kf8 58. Qd7 Kg8 59. Kc6 Kf8 60. Kd6 1-0


[Site "https://www.chess.com"]

[Event "Titled Tuesday Blitz May 23 Early 2023"]
[White "Barbot, Pierre"]
[Black "Alexikov, Alexander"]
[WhiteFideId "663727"]
[BlackFideId "14103958"]
[WhiteElo "2431"]
[BlackElo "2186"]
[Result "0-1"]
[Round "09"]
[TimeControl "180+2"]
[Date "2023.05.23"]
[WhiteClock "0:00:00"]
[BlackClock "0:00:28"]

1. d4 Nf6 2. Nc3 g6 3. e4 d6 4. f4 Bg7 5. Nf3 O-O 6. Bd3 Nc6 7. Be3 e5 8. Qd2 Ng4 9. fxe5 Nxe3 10. Qxe3 dxe5 11. d5 Nd4 12. O-O-O c6 13. h3 Qb6 14. Kb1 Nb5 15. Qxb6 Nxc3+ 16. bxc3 axb6 17. c4 Bd7 18. g4 Ra3 19. Kb2 Rfa8 20. Ra1 b5 21. Nd2 R3a4 22. Be2 bxc4 23. Bxc4 b5 24. Bb3 Rd4 25. Rad1 c5 26. c3 Rd3 27. Bc2 Re3 28. Nb3 Bf8 29. Rde1 Rg3 30. Reg1 Rf3 31. Rf1 Rf4 32. Rxf4 exf4 33. Rf1 g5 34. e5 Re8 35. Re1 c4 36. Nd4 h5 37. Bf5 Bxf5 38. gxf5 g4 39. hxg4 hxg4 40. f6 f3 41. e6 f2 42. Rd1 g3 43. e7 Bxe7 44. fxe7 Rxe7 45. Nf5 Re1 46. Nh6+ Kh7 0-1


[Site "https://www.chess.com"]

[Event "Titled Tuesday Blitz May 23 Early 2023"]
[White "Ovezdurdyyeva, Jemal"]
[Black "Rom, Jasper"]
[WhiteFideId "14001888"]
[BlackFideId "2023733"]
[WhiteElo "2043"]
[BlackElo "2233"]
[Result "1-0"]
[Round "09"]
[TimeControl "180+2"]
[Date "2023.05.23"]
[WhiteClock "0:00:11"]
[BlackClock "0:00:00"]

1. e4 e6 2. d4 d5 3. Nd2 c5 4. Ngf3 Nc6 5. exd5 exd5 6. Bb5 Bd6 7. O-O Ne7 8. dxc5 Bxc5 9. Nb3 Bb6 10. Bg5 f6 11. Bf4 O-O 12. Nfd4 Ne5 13. Re1 N7g6 14. Bg3 a6 15. Be2 Re8 16. Kh1 Nc4 17. Qc1 Nge5 18. c3 a5 19. Nd2 Nd6 20. Qc2 Qc7 21. Rac1 Qf7 22. Qb3 Bc5 23. N2f3 Ne4 24. Bb5 Re7 25. Re2 Bg4 26. Rce1 Bxd4 27. cxd4 Nxf3 28. gxf3 Bxf3+ 29. Qxf3 Rc8 30. Bd3 f5 31. Bxe4 dxe4 32. Qf4 g6 33. Rd2 Qxa2 34. d5 Rd7 35. Qe5 Rcd8 36. Qe6+ Rf7 37. Bh4 Rd7 38. Bg5 Qa4 39. Rc1 Kg7 40. Qe5+ Kg8 41. Rc8+ Rf8 42. Qe6+ Rf7 43. Rxf8+ Kxf8 44. Bh6+ Kg8 45. Qc8+ 1-0


[Site "https://www.chess.com"]

[Event "Titled Tuesday Blitz May 23 Early 2023"]
[White "Smiechu"]
[Black "Zavortink, Matt"]
[BlackFideId "2034263"]
[WhiteElo "2319"]
[BlackElo "2454"]
[Result "1-0"]
[Round "09"]
[TimeControl "180+2"]
[Date "2023.05.23"]
[WhiteClock "0:00:13"]
[BlackClock "0:00:00"]

1. e4 e6 2. d4 d5 3. Bd3 dxe4 4. Bxe4 Nf6 5. Bf3 c5 6. Ne2 Nc6 7. Be3 Nd5 8. Bxd5 Qxd5 9. Nbc3 Qxg2 10. Rg1 Qxh2 11. Bf4 Qh3 12. Nb5 f6 13. Nc7+ Kf7 14. Nxa8 cxd4 15. a3 e5 16. Bg3 Bd6 17. Qd3 Qe6 18. Rh1 g6 19. f3 h5 20. Rg1 Bd7 21. Bf2 f5 22. O-O-O Qa2 23. Kd2 Rxa8 24. Ra1 Qe6 25. Rad1 Bf8 26. Kc1 Qa2 27. Qb5 Bh6+ 28. f4 Rb8 29. Bg3 a6 30. Qb6 Be6 31. Qc7+ Kf8 32. Qd6+ Kf7 33. Qc7+ Kg8 34. Bh2 Bf7 35. Qd6 Qa1+ 36. Kd2 Qxb2 37. Rxg6+ Bxg6 38. Qxg6+ Bg7 39. Rg1 Kf8 40. Qxg7+ Ke8 41. Qh7 Ne7 42. Rg7 Qxa3 43. fxe5 Rc8 44. Qxh5+ Kd8 45. e6 Qa5+ 46. Kd1 Qa1+ 47. Nc1 Qa3 48. Qh8+ 1-0


[Site "https://www.chess.com"]

[Event "Titled Tuesday Blitz May 23 Early 2023"]
[White "Buscar, Michael"]
[Black "Pasti, Aron"]
[WhiteFideId "2603616"]
[BlackFideId "785857"]
[WhiteElo "2010"]
[BlackElo "2173"]
[Result "1-0"]
[Round "09"]
[TimeControl "180+2"]
[Date "2023.05.23"]
[WhiteClock "0:00:12"]
[BlackClock "0:00:33"]

1. Nf3 d5 2. b3 Nc6 3. Bb2 d4 4. e3 dxe3 5. fxe3 Bg4 6. Bc4 e5 7. O-O e4 8. Bxf7+ Ke7 9. Ba3+ Kd7 10. Nd4 Qh4 11. Nxc6 bxc6 12. Qc1 Bxa3 13. Qxa3 Nf6 14. Qc5 Rhf8 15. Bc4 Rae8 16. Nc3 Qh6 17. Qxa7 Be6 18. Qd4+ Kc8 19. Ba6+ Kb8 20. Qb4+ Ka8 21. Qb7# 1-0


[Site "https://www.chess.com"]

[Event "Titled Tuesday Blitz May 23 Early 2023"]
[White "Zaitsev, Alexander"]
[Black "Georg, Heinz"]
[WhiteFideId "4164490"]
[BlackFideId "4607295"]
[WhiteElo "2373"]
[BlackElo "2314"]
[Result "1-0"]
[Round "09"]
[TimeControl "180+2"]
[Date "2023.05.23"]
[WhiteClock "0:00:16"]
[BlackClock "0:00:00"]

1. e4 e5 2. Nc3 Nf6 3. Bc4 Nxe4 4. Qh5 Nd6 5. Qxe5+ Qe7 6. Qxe7+ Bxe7 7. Bb3 c6 8. Nf3 O-O 9. d4 Nf5 10. d5 Bb4 11. O-O Na6 12. Bf4 Nc5 13. g4 Nxb3 14. axb3 Bd6 15. Bd2 Ne7 16. Ne4 Bb8 17. d6 Ng6 18. g5 b6 19. h4 c5 20. h5 Bb7 21. Rfe1 Nh8 22. Bf4 f5 23. gxf6 gxf6 24. Bh6 Bxe4 25. Rxe4 Rd8 26. Rd1 f5 27. Re7 Nf7 28. Bf4 a5 29. Kh2 b5 30. Nh4 Ra6 31. Nxf5 Kf8 32. h6 Bxd6 33. Rxf7+ Kxf7 34. Nxd6+ Ke6 35. Bg3 b4 36. Ne4 Kf5 37. Nxc5 Rxh6+ 38. Kg2 d5 39. Nd3 Rc6 40. Rd2 d4 41. Re2 Rd5 42. Nf4 Rdc5 43. Nd3 Rxc2 44. Re5+ Kg6 45. Nf4+ Kf7 46. Rf5+ Kg7 47. Nd3 Rf6 48. Be5 Rc6 49. Bxf6+ Rxf6 50. Rxa5 Re6 51. Nxb4 Re2 52. Rd5 Rxb2 53. Rxd4 Rxb3 54. Nd5 Kg6 55. Ne3 h6 56. Rg4+ Kf6 57. Rc4 Rd3 58. Kf3 1-0


[Site "https://www.chess.com"]

[Event "Titled Tuesday Blitz May 23 Early 2023"]
[White "Fajdetic, Hrvoje"]
[Black "Gurevich, Dmitry"]
[WhiteFideId "14501945"]
[BlackFideId "2000407"]
[WhiteElo "2185"]
[BlackElo "2506"]
[Result "0-1"]
[Round "09"]
[TimeControl "180+2"]
[Date "2023.05.23"]
[WhiteClock "0:00:00"]
[BlackClock "0:00:06"]

1. d4 Nf6 2. Bf4 c5 3. e3 g6 4. c3 b6 5. h3 Bg7 6. Nf3 O-O 7. Be2 Bb7 8. Nbd2 d6 9. a4 a6 10. Nc4 Nc6 11. O-O b5 12. axb5 axb5 13. Na3 b4 14. Nc4 bxc3 15. bxc3 Nd5 16. Rxa8 Qxa8 17. Qd2 Nxf4 18. exf4 cxd4 19. cxd4 Qa7 20. Rd1 Ra8 21. d5 Na5 22. Nxa5 Qxa5 23. Qe3 Bf6 24. Ng5 Bxd5 25. Ne4 Bxe4 26. Qxe4 Rb8 27. g3 Rb4 28. Qd3 Qa2 29. Bf3 Rb2 30. Rf1 Kg7 31. f5 Rd2 32. Qe3 gxf5 33. h4 h6 34. g4 Bd4 35. Qf4 Bxf2+ 36. Kh1 Bc5 37. gxf5 Rd4 38. f6+ exf6 39. Qg3+ Kf8 40. Bc6 Rd2 41. Re1 Re2 0-1


[Site "https://www.chess.com"]

[Event "Titled Tuesday Blitz May 23 Early 2023"]
[White "KorolDimitriy75"]
[Black "Rose, Felix"]
[BlackFideId "5105722"]
[WhiteElo "2426"]
[BlackElo "2039"]
[Result "0-1"]
[Round "09"]
[TimeControl "180+2"]
[Date "2023.05.23"]
[WhiteClock "0:00:00"]
[BlackClock "0:01:01"]

1. d4 d5 2. c4 e6 3. Nc3 Nf6 4. Bg5 Be7 5. cxd5 exd5 6. e3 Nbd7 7. Bd3 c6 8. Qc2 h6 9. Bh4 Nh5 10. Bxe7 Qxe7 11. Nge2 Nb6 12. h3 Bd7 13. O-O-O O-O-O 14. Kb1 Kb8 15. Rc1 g6 16. g4 Ng7 17. Nf4 h5 18. Be2 hxg4 19. hxg4 Qg5 20. Nd3 Bxg4 21. Rhg1 f5 22. Ne5 Rh2 23. Bxg4 fxg4 24. Nf7 Qf6 25. Nxd8 Rxf2 26. Qd3 Nc4 27. Rc2 g3 28. Rxg3 Rf1+ 29. Rc1 Rxc1+ 30. Kxc1 Qxd8 31. Qxg6 Ne8 32. Qf7 Ncd6 33. Qf4 Ka8 34. Rg8 a6 35. Na4 Ka7 36. Nc5 Qa5 0-1


[Site "https://www.chess.com"]

[Event "Titled Tuesday Blitz May 23 Early 2023"]
[White "mohsengabr2002"]
[Black "Toktomushev, Teimur"]
[BlackFideId "14176726"]
[WhiteElo "2290"]
[BlackElo "2116"]
[Result "1-0"]
[Round "09"]
[TimeControl "180+2"]
[Date "2023.05.23"]
[WhiteClock "0:01:26"]
[BlackClock "0:00:00"]

1. e4 c5 2. d3 e6 3. g3 d5 4. Nd2 Nc6 5. Bg2 Nf6 6. Ngf3 Be7 7. O-O O-O 8. e5 Nd7 9. Re1 Qc7 10. Qe2 b5 11. Nf1 a5 12. h4 Ba6 13. Bf4 Rfc8 14. h5 h6 15. Qd2 Bf8 16. Ne3 Qd8 17. Ng4 Kh7 18. Bf1 b4 19. c4 bxc3 20. bxc3 Rab8 21. Qc2 Kg8 22. Qd2 Ne7 23. c4 dxc4 24. dxc4 Nb6 25. Qc2 Nc6 26. Bxh6 gxh6 27. Nf6+ Qxf6 28. exf6 Nd7 29. Rxe6 fxe6 30. Qg6+ Kh8 31. Bd3 Nxf6 32. Qxf6+ Bg7 33. Qg6 Kg8 34. Qxe6+ Kh8 35. Qg6 Kg8 36. Bf5 Rc7 37. Be6+ Kf8 38. Bd5 Bxa1 39. Qxh6+ Bg7 40. Qf4+ 1-0


[Site "https://www.chess.com"]

[Event "Titled Tuesday Blitz May 23 Early 2023"]
[White "ChawitAp"]
[Black "Pinto, Daniel"]
[BlackFideId "3303144"]
[WhiteElo "2275"]
[BlackElo "2145"]
[Result "1-0"]
[Round "09"]
[TimeControl "180+2"]
[Date "2023.05.23"]
[WhiteClock "0:00:37"]
[BlackClock "0:00:03"]

1. d4 Nf6 2. Nf3 g6 3. c3 Bg7 4. Bg5 O-O 5. Nbd2 c5 6. e3 cxd4 7. exd4 d6 8. Be2 Nc6 9. O-O h6 10. Bh4 e5 11. Nc4 e4 12. Nfd2 d5 13. Ne5 g5 14. Bg3 Nh7 15. Qb3 f5 16. f4 Bxe5 17. dxe5 Be6 18. Rad1 Qe7 19. Qc2 d4 20. Bc4 d3 21. Qb3 Bxc4 22. Nxc4 Kh8 23. Nd6 Rad8 24. fxg5 hxg5 25. Nxf5 Qc5+ 26. Kh1 e3 27. Nxe3 Qxe3 28. Rfe1 Qc5 29. c4 d2 30. Re2 Nd4 31. Qe3 Qxc4 32. Rexd2 Ne6 33. h3 Rxd2 34. Rxd2 Rf1+ 35. Kh2 Qc1 36. Bf2 Rh1+ 37. Kg3 Qc8 38. Rd6 Qe8 39. Qd2 Nf4 40. Rd8 Nh5+ 41. Kg4 Ng7 42. Rxe8+ Nxe8 1-0


[Site "https://www.chess.com"]

[Event "Titled Tuesday Blitz May 23 Early 2023"]
[White "Gatterer, Florian"]
[Black "lluiss"]
[WhiteFideId "811688"]
[WhiteElo "2221"]
[BlackElo "2258"]
[Result "0-1"]
[Round "09"]
[TimeControl "180+2"]
[Date "2023.05.23"]
[WhiteClock "0:00:16"]
[BlackClock "0:00:31"]

1. e4 c5 2. Nf3 d6 3. Bb5+ Nd7 4. a4 Nf6 5. O-O Nxe4 6. Re1 Nf6 7. d4 a6 8. Bd3 e6 9. Nc3 Be7 10. d5 e5 11. Bg5 O-O 12. h3 h6 13. Be3 b6 14. b3 Bb7 15. Bc4 Ne8 16. Qe2 Nc7 17. Red1 f5 18. Nh2 Qe8 19. f4 Bf6 20. Qd2 exf4 21. Bxf4 Ne5 22. Re1 Qd7 23. Rad1 b5 24. axb5 axb5 25. Nxb5 Nxb5 26. Bxe5 Bxe5 27. Nf3 Bc3 28. Bxb5 Bxd2 29. Bxd7 Bxe1 30. Be6+ Kh7 31. Rxe1 g6 32. Nd2 Ra2 33. Rc1 Ba6 34. Kh2 Kg7 35. Kg3 Kf6 36. Kf4 c4 37. Nxc4 Bxc4 38. bxc4 Ra3 39. Rb1 g5# 0-1


[Site "https://www.chess.com"]

[Event "Titled Tuesday Blitz May 23 Early 2023"]
[White "Jakubowska, Anna"]
[Black "Martin, Lewis"]
[WhiteFideId "1121952"]
[BlackFideId "410551"]
[WhiteElo "2001"]
[BlackElo "2145"]
[Result "0-1"]
[Round "09"]
[TimeControl "180+2"]
[Date "2023.05.23"]
[WhiteClock "0:00:03"]
[BlackClock "0:00:33"]

1. e4 c5 2. Nf3 d6 3. d4 cxd4 4. Qxd4 a6 5. c4 Nc6 6. Qd3 Nf6 7. Nc3 e6 8. Bf4 Be7 9. Rd1 e5 10. Bg5 Bg4 11. Bxf6 gxf6 12. Nd5 Bxf3 13. gxf3 Nd4 14. Be2 Rg8 15. b3 Rc8 16. f4 Ne6 17. Qh3 Qa5+ 18. Rd2 Qc5 19. Bg4 Kd7 20. fxe5 fxe5 21. Ne3 Bg5 22. Bxe6+ fxe6 23. Qxh7+ Kc6 24. Rd3 Qa5+ 25. Rd2 Rgf8 26. Qh3 Rxf2 27. b4 Qxb4 28. Nf1 Rxd2 29. Nxd2 Qxd2+ 30. Kf1 Rf8+ 0-1


[Site "https://www.chess.com"]

[Event "Titled Tuesday Blitz May 23 Early 2023"]
[White "Fernandez Siles, Luis"]
[Black "agvania123"]
[WhiteFideId "2209420"]
[WhiteElo "2195"]
[BlackElo "2247"]
[Result "1-0"]
[Round "09"]
[TimeControl "180+2"]
[Date "2023.05.23"]
[WhiteClock "0:00:13"]
[BlackClock "0:00:15"]

1. d4 Nf6 2. c4 e6 3. Nf3 Bb4+ 4. Nbd2 O-O 5. a3 Bxd2+ 6. Bxd2 d5 7. e3 b6 8. Bd3 Bb7 9. O-O Nbd7 10. b4 dxc4 11. Bxc4 Ne4 12. Bc1 Nc3 13. Qd3 Bxf3 14. gxf3 Nd5 15. Kh1 Qh4 16. Qe4 Qxe4 17. fxe4 N5f6 18. e5 Nd5 19. Bd2 c5 20. e4 Nc7 21. bxc5 bxc5 22. Be3 Nb6 23. Rac1 cxd4 24. Bxd4 Nxc4 25. Rxc4 Nb5 26. Bc5 Rfc8 27. Rfc1 h6 28. a4 a6 29. axb5 axb5 30. R4c2 Ra4 31. Bd6 Rxc2 32. Rxc2 Rxe4 33. Rb2 f6 34. Rxb5 fxe5 35. Rxe5 Rd4 36. Rxe6 Kf7 37. Re7+ Kf6 38. Be5+ Kxe7 39. Bxd4 g5 40. Kg2 Kf7 41. Kf3 Kg6 42. Ke4 h5 43. Be5 h4 44. h3 Kh5 45. Kf5 Kh6 46. Kg4 Kg6 47. Bd4 Kh6 48. Be3 Kg6 49. Bxg5 Kg7 50. Bxh4 Kh7 51. Bg3 Kg7 52. h4 Kh7 53. h5 Kg7 54. Bf4 Kh7 55. Kg5 Kg7 56. h6+ Kh7 57. Kh5 Kh8 58. Kg6 Kg8 59. h7+ Kh8 60. Be5# 1-0


[Site "https://www.chess.com"]

[Event "Titled Tuesday Blitz May 23 Early 2023"]
[White "Novikova, Galina"]
[Black "Sanudula, K M Dahamdi"]
[WhiteFideId "4157095"]
[BlackFideId "9932470"]
[WhiteElo "1953"]
[BlackElo "1556"]
[Result "0-1"]
[Round "09"]
[TimeControl "180+2"]
[Date "2023.05.23"]
[WhiteClock "0:00:00"]
[BlackClock "0:00:19"]

1. e4 d5 2. exd5 Qxd5 3. Nf3 Nf6 4. d4 Qa5+ 5. c3 c6 6. Be2 Bg4 7. O-O e6 8. c4 Bd6 9. Nc3 Qc7 10. h3 Bh5 11. Bg5 Nbd7 12. a3 O-O 13. b4 a5 14. Qb3 Rfb8 15. b5 Bf4 16. b6 Nxb6 17. Bxf4 Qxf4 18. Qxb6 Ra6 19. Qb2 Bxf3 20. Bxf3 Qxd4 21. Rad1 Qc5 22. Ne4 Nxe4 23. Bxe4 b5 24. cxb5 cxb5 25. Rd7 Rab6 26. Rfd1 Qg5 27. Qe5 Qf6 28. Qxf6 gxf6 29. Rd8+ Rxd8 30. Rxd8+ Kg7 31. Kf1 f5 32. Bb1 b4 33. a4 b3 34. Ke2 Rb4 35. Rd3 b2 36. Rd2 Kf6 37. Kd1 Ke5 38. Kc2 Rxa4 39. Kxb2 Rb4+ 40. Kc2 Rc4+ 41. Kd1 a4 42. Ra2 Rd4+ 43. Ke2 Rc4 44. Bc2 a3 45. Bb3 Rc3 46. Rxa3 Kf6 47. Kd2 Rc6 48. Bc2 Rd6+ 49. Rd3 Rb6 50. Rd8 h6 51. Bd3 Rb2+ 52. Ke3 Ra2 53. g3 Ra1 54. Rh8 Kg7 55. Rb8 Re1+ 56. Kf3 Kf6 57. g4 fxg4+ 58. hxg4 Rh1 59. Rh8 Rh3+ 60. Ke2 Kg5 61. f3 Kf4 62. Be4 f5 63. gxf5 exf5 64. Ba8 Rh2+ 65. Kd3 h5 66. Kd4 h4 67. Bd5 Rh1 68. Kd3 h3 69. Rf8 h2 70. Be6 Rd1+ 71. Ke2 h1=Q 72. Rxf5+ Kg3 73. Rg5+ Kh4 74. Rg4+ Kh5 75. Bf7+ Kh6 76. Rg6+ Kh7 77. Rg4 Qf1+ 78. Ke3 Rd3+ 79. Kf4 Qxf3+ 80. Kg5 Qxf7 81. Rh4+ Kg7 82. Rd4 Qg6+ 83. Kh4 Rxd4+ 0-1


[Site "https://www.chess.com"]

[Event "Titled Tuesday Blitz May 23 Early 2023"]
[White "ChesscularGodofchess"]
[Black "Kohler, Aran"]
[BlackFideId "1002856"]
[WhiteElo "2160"]
[BlackElo "2393"]
[Result "1-0"]
[Round "09"]
[TimeControl "180+2"]
[Date "2023.05.23"]
[WhiteClock "0:01:16"]
[BlackClock "0:00:00"]

1. d4 d5 2. Nf3 c6 3. Nbd2 Bf5 4. e3 e6 5. Ne5 h6 6. g4 Bh7 7. Bd3 Nf6 8. Bxh7 Nxh7 9. b3 c5 10. Bb2 Nc6 11. Ndf3 cxd4 12. exd4 Bb4+ 13. c3 Bd6 14. O-O Nxe5 15. Nxe5 Bxe5 16. dxe5 Ng5 17. f4 Ne4 18. Ba3 Qb6+ 19. Kg2 Nxc3 20. Qd3 Nb5 21. Bb4 a5 22. Bd2 O-O 23. Rac1 Rac8 24. f5 Qd4 25. Qe2 Qb2 26. f6 g6 27. Qe3 g5 28. Rxc8 Rxc8 29. Rf2 d4 30. Qh3 d3 31. Qxh6 1-0


[Site "https://www.chess.com"]

[Event "Titled Tuesday Blitz May 23 Early 2023"]
[White "Kotepalli, Sai Nirupama"]
[Black "Kriti Mayur Patel"]
[WhiteFideId "5039444"]
[BlackFideId "35061780"]
[WhiteElo "2362"]
[BlackElo "1306"]
[Result "1-0"]
[Round "09"]
[TimeControl "180+2"]
[Date "2023.05.23"]
[WhiteClock "0:01:31"]
[BlackClock "0:01:59"]

1. e4 e5 2. d3 Nf6 3. Nf3 Nc6 4. g3 Bc5 5. Bg2 O-O 6. O-O d5 7. exd5 Nxd5 8. Nbd2 Bg4 9. h3 Bh5 10. Ne4 Bb6 11. g4 Bg6 12. c3 f5 13. Bg5 Qd7 14. gxf5 Bxf5 15. Kh2 Rae8 16. Nh4 Bxe4 17. dxe4 Nf4 18. Qxd7 Ne6 19. Nf3 Nxg5 20. Nxg5 Bxf2 21. Qd5+ Kh8 22. Nf7+ Rxf7 23. Qxf7 Rg8 24. Rxf2 Nd4 25. cxd4 exd4 26. Raf1 c5 27. Qxg8+ Kxg8 28. Rf8# 1-0


[Site "https://www.chess.com"]

[Event "Titled Tuesday Blitz May 23 Early 2023"]
[White "Sadubayev, Airat"]
[Black "Zampronha, Wladimir Camilo"]
[WhiteFideId "13713264"]
[BlackFideId "2103087"]
[WhiteElo "2157"]
[BlackElo "2176"]
[Result "0-1"]
[Round "09"]
[TimeControl "180+2"]
[Date "2023.05.23"]
[WhiteClock "0:00:07"]
[BlackClock "0:00:15"]

1. d4 Nf6 2. c4 e6 3. Nf3 d5 4. g3 Be7 5. Bg2 O-O 6. O-O dxc4 7. Ne5 Nc6 8. Nxc6 bxc6 9. Na3 c3 10. bxc3 Rb8 11. Nc2 c5 12. Bf4 cxd4 13. cxd4 Nd5 14. Bd2 Ba6 15. Re1 Nb4 16. Bc3 Nd5 17. Ba5 Rb5 18. Qd2 Qd7 19. e4 Nb6 20. a4 Nc4 21. axb5 Nxd2 22. bxa6 Nb3 23. Ra2 Nxd4 24. Nxd4 Qxd4 25. Bxc7 Qc4 26. Rb2 Qxc7 27. Rb7 Qc5 28. h4 Bf6 29. Reb1 Bd4 30. R7b5 Qc2 31. Rf1 e5 32. Rb7 Qc4 33. Bh3 Qxa6 34. Rc7 Qb6 35. Rd7 a5 36. Kg2 a4 37. Rd1 a3 38. f4 a2 39. fxe5 a1=Q 40. Rxa1 Bxa1 41. Rd6 Qd8 42. Rxd8 Rxd8 43. e6 Kf8 44. exf7 Kxf7 45. Kf3 Be5 46. Kg4 Kf6 47. Kf3 Rd3+ 48. Ke2 Rxg3 49. Bf1 Rg4 50. h5 Rxe4+ 51. Kd3 Rd4+ 52. Ke3 h6 53. Bg2 Rb4 54. Bf1 Kg5 55. Bg2 Rb2 56. Be4 Kxh5 57. Bf3+ Kg5 58. Ke4 h5 59. Kxe5 Rf2 60. Be4 h4 61. Kd4 h3 62. Ke3 Rf4 63. Bh1 Rf6 64. Ke2 Kh4 65. Ke3 g5 66. Ke2 Rf8 67. Ke3 g4 68. Ke2 g3 69. Be4 g2 70. Bxg2 hxg2 71. Ke3 Kg3 72. Kd3 g1=Q 73. Kc4 Qd1 74. Kc5 Rc8+ 75. Kb6 0-1


[Site "https://www.chess.com"]

[Event "Titled Tuesday Blitz May 23 Early 2023"]
[White "Thiel, Thomas"]
[Black "Khamdamova, Afruza"]
[WhiteFideId "4615964"]
[BlackFideId "14210444"]
[WhiteElo "2244"]
[BlackElo "2312"]
[Result "0-1"]
[Round "09"]
[TimeControl "180+2"]
[Date "2023.05.23"]
[WhiteClock "0:00:00"]
[BlackClock "0:00:07"]

1. e4 c6 2. d4 d5 3. exd5 cxd5 4. c4 e6 5. Nc3 Nf6 6. Nf3 Be7 7. cxd5 Nxd5 8. Bd3 O-O 9. O-O b6 10. Nxd5 Qxd5 11. Re1 Bb7 12. Be4 Qd7 13. Ne5 Qc8 14. Bd3 Nd7 15. Bf4 Nf6 16. Rc1 Qd8 17. Nc6 Bxc6 18. Rxc6 Nd5 19. Bg3 Nb4 20. Rc7 Nxd3 21. Qxd3 Bf6 22. Rd1 Qd5 23. b3 Rfd8 24. Qc4 Bxd4 25. Qxd5 Rxd5 26. Kf1 b5 27. Ke2 Rad8 28. Rdc1 Bb6 29. Rc8 g5 30. Rxd8+ Bxd8 31. Rc2 f5 32. f3 Kf7 33. Rd2 Rxd2+ 34. Kxd2 Ba5+ 35. Kd3 Kf6 36. Bb8 a6 37. g4 e5 38. h3 Bb6 39. Bd6 Bd4 40. Bc7 Ke6 41. Bd8 h6 42. Ba5 Bb2 43. Bb4 fxg4 44. hxg4 Kf6 45. Kd2 Kg6 46. Kd3 h5 47. Ke4 hxg4 48. fxg4 Kf6 49. Bd2 Bd4 50. Bc1 a5 51. Bd2 a4 52. bxa4 bxa4 53. Bc1 Bc5 54. Bb2 Bd6 55. Bc3 Ke6 56. Bb2 Bc7 57. Bc3 Bd6 58. Bb2 a3 59. Bc3 Kf6 60. Ba1 Ke6 61. Bc3 Bc7 62. Bd2 Bb6 63. Bxg5 Bd4 64. Bh6 Kf6 65. g5+ Kg6 66. Bf8 Kxg5 67. Bxa3 Kf6 68. Bd6 Ke6 0-1


[Site "https://www.chess.com"]

[Event "Titled Tuesday Blitz May 23 Early 2023"]
[White "Osinovsky, Stepan"]
[Black "Cardozo Munar, Carlos Eduardo"]
[WhiteFideId "4157354"]
[BlackFideId "4409477"]
[WhiteElo "2222"]
[BlackElo "2067"]
[Result "1-0"]
[Round "09"]
[TimeControl "180+2"]
[Date "2023.05.23"]
[WhiteClock "0:00:56"]
[BlackClock "0:00:00"]

1. e4 e6 2. d3 d5 3. Nd2 Nf6 4. Ngf3 c5 5. g3 Nc6 6. Bg2 Be7 7. O-O b5 8. Re1 a5 9. exd5 Nxd5 10. c4 bxc4 11. dxc4 Ndb4 12. Ne5 Ra6 13. Qa4 O-O 14. Nxc6 Rxc6 15. Bxc6 Qd3 16. Be4 Qd4 17. Nf3 Qxc4 18. a3 f5 19. Bb1 Bb7 20. axb4 Bxf3 21. bxa5 1-0


[Site "https://www.chess.com"]

[Event "Titled Tuesday Blitz May 23 Early 2023"]
[White "KSho99"]
[Black "Topalov, Aleksandar"]
[BlackFideId "925659"]
[WhiteElo "2168"]
[BlackElo "2151"]
[Result "1/2-1/2"]
[Round "09"]
[TimeControl "180+2"]
[Date "2023.05.23"]
[WhiteClock "0:00:03"]
[BlackClock "0:00:06"]

1. Nf3 Nf6 2. b3 g6 3. Bb2 Bg7 4. d4 O-O 5. e3 d6 6. Be2 Nbd7 7. O-O e5 8. dxe5 Ng4 9. c4 Ngxe5 10. Qd2 Re8 11. Nc3 Nxf3+ 12. Bxf3 Ne5 13. Be2 Bd7 14. Rad1 Bc6 15. Nd5 a5 16. f4 Nd7 17. Bxg7 Kxg7 18. Qc3+ f6 19. Bf3 Bxd5 20. Rxd5 Nc5 21. Rfd1 Qe7 22. Kf2 Kh6 23. f5 g5 24. Qd4 Kg7 25. Re1 Rad8 26. Qg4 c6 27. Rd4 Kh8 28. h4 Rg8 29. Rh1 Rde8 30. e4 Qe5 31. Rhd1 Rd8 32. Qg3 Qe7 33. Rxd6 gxh4 34. Qf4 Rxd6 35. Qxd6 Qxd6 36. Rxd6 Kg7 37. Ke3 Re8 38. Kd4 Re5 39. Rd8 Kh6 40. Rg8 Nd7 41. Rg4 c5+ 42. Ke3 Nb8 43. Rxh4+ Kg7 44. Rg4+ Kf8 45. Kf4 Nc6 46. Rh4 Kg7 47. Rh1 Nd4 48. Rd1 b6 49. Rd2 h6 50. Rd1 Re7 51. Rd2 Rd7 52. Rd1 Rd8 53. Bh5 Rd7 54. Bf3 Re7 55. Rh1 Rd7 56. Rd1 1/2-1/2


[Site "https://www.chess.com"]